 Dungeon Crawl Stone Soup version 0.28-a0-1356-g2ad6d04315 (webtiles) character file.

Game seed: 12958975865523369813

109 willcat the Sneak (level 5, 0/30 HPs)
             Began as a Kobold Brigand on Dec 30, 2021.
             Succumbed to Firecrotchwizard's ghost's poison
             ... on level 2 of the Dungeon.
             The game lasted 00:02:11 (2665 turns).

willcat the Sneak (Kobold Brigand)                  Turns: 2665, Time: 00:02:12

Health: 0/30       AC:  7    Str:  7 (8)  XL:     5   Next: 13%
Magic:  6/6        EV: 14    Int: 13 (15) God:
Gold:   82         SH:  5    Dex: 15 (16) Spells: 6/6 levels left

rFire   . . .      SeeInvis .   i - +3 dagger (elec)
rCold   . . .      Faith    .   (no shield)
rNeg    . . .      Spirit   .   b - +0 robe
rPois   .          Reflect  +   (no helmet)
rElec   .          Harm     .   c - +0 cloak
rCorr   .          Rampage  .   (no gloves)
Will    .....                   (no boots)
Stlth   +++++.....              a - amulet of reflection
HPRegen 0.10/turn               j - +4 ring of protection
MPRegen 0.10/turn               (no ring)

@: lethally poisoned (0 -> -5)
A: small, no large weapons, nightstalker 3
a: no special abilities


You were on level 2 of the Dungeon.
You visited 1 branch of the dungeon, and saw 3 of its levels.

You collected 82 gold pieces.

Inventory:

Hand Weapons
 i - a +3 dagger of electrocution (weapon)
Missiles
 d - 8 poisoned darts (quivered)
 e - 2 curare-tipped darts
Armour
 b - a +0 robe (worn)
 c - a +0 cloak (worn)
Jewellery
 a - an amulet of reflection (around neck)
 j - a +4 ring of protection (left hand)
Scrolls
 f - 2 scrolls of identify {unknown}
 g - 2 scrolls of enchant weapon
 h - a scroll of magic mapping {unknown}
 k - 4 scrolls of vulnerability {unknown}
 l - a scroll of amnesia {unknown}


   Skills:
 - Level 2.1 Fighting
 + Level 3.7 Short Blades
 - Level 2.1 Throwing
 + Level 1.6 Dodging
 + Level 7.4 Stealth
 * Level 1.3 Spellcasting


You had 6 spell levels left.
You didn't know any spells.
Your spell library contained the following spells:

 Spells                   Type           Power      Damage    Failure   Level
 Ensorcelled Hibernation  Hex/Ice        0%         N/A       38%         2
 Conjure Flame            Conj/Fire      0%         6-21      63%         3
 Ignite Poison            Fire/Tmut/Pois 0%         N/A       63%         3
 Tukima's Dance           Hex            0%         N/A       63%         3
 Sticky Flame             Conj/Fire      0%         2d3       95%         4
 Iskenderun's Battlesphe  Conj           0%         2d6       100%        5
 Iron Shot                Conj/Erth      0%         9d1       100%        6
 Enfeeble                 Hex            0%         N/A       100%        7
 Spellforged Servitor     Conj/Summ      0%         N/A       100%        7


Dungeon Overview and Level Annotations

Branches:
Dungeon (3/15)

Altars:

Annotations:
D:2 Firecrotchwizard's ghost, amateur VSBr


Innate Abilities, Weirdness & Mutations

You are small and have problems with some larger weapons.
You are completely attuned to the shadows.


Message History

You barely miss Firecrotchwizard's ghost.
Firecrotchwizard's ghost hits you.
You are poisoned.
You hit Firecrotchwizard's ghost but do no damage.
You feel sick. Firecrotchwizard's ghost misses you.
You feel sick.
You feel sick.
You feel sick.
You feel sick.
You feel sick.
You feel sick.
You feel sick.
You are no longer poisoned.
Firecrotchwizard's ghost hits you.
You are poisoned.
You feel very sick.
You feel sick.
You feel sick.
You feel sick.
You feel sick.
Press: ? - help, v - describe, . - travel
Here: Firecrotchwizard's ghost, wielding a weapon of venom The floor.
You feel sick.
As you read the scroll labelled WIHOCH VAEPS, it crumbles to dust.
It is a scroll of enchant weapon.
Your +2 dagger of electrocution glows red for a moment.
You feel sick. Firecrotchwizard's ghost hits you.
* * * LOW HITPOINT WARNING * * *
You are lethally poisoned!
It was a potion of degeneration.
There was something very wrong with that liquid.
You feel weakened.
You feel dopey.
You feel clumsy.
* * * LOW HITPOINT WARNING * * *
You feel sick.
Firecrotchwizard's ghost barely misses you.
Unknown command.
* * * LOW HITPOINT WARNING * * *
You feel sick.
You die...

.......# #.# #.# ########
.......# ##.### #.# #......#
.......# #....###.########.####.#
.......# #....#.........>...# #.#
.......# #....#.#.########..# #.#
.......###....#.#......# #..# #.#
..............#........####.# #.#
.......###....######.....##.# #.#
#..##.).........@.W.........# #.#
#..##.####....######.....######.#
#..##...........# #..........#.#
#..##.....#.###.#####.#######.#.#
...##.....#.# #.>......# #.#.#
##..†.....#.# #######..# #.#.#
.......)..#.# #..######.#.#
#.#.###...#)# #.......#.#.#
..........#.# #...###.#.#.#


You could see Firecrotchwizard's ghost.

Vanquished Creatures
  4 gnolls (D:3)
  2 adders (D:2)
  A worm (D:2)
  2 dart slugs (D:2)
  An orc (D:2)
  6 endoplasms
  A giant cockroach (D:1)
  3 goblins
  5 hobgoblins
  6 kobolds
  A quokka (D:2)
  3 ball pythons
  5 bats
  3 frilled lizards
  2 rats (D:2)
45 creatures vanquished.

Notes
Turn   | Place    | Note
-------+----------+-------------------------------------------
     0 | D:1      | willcat the Kobold Brigand began the quest for the Orb.
     0 | D:1      | Reached XP level 1. HP: 12/12 MP: 1/1
   173 | D:1      | Reached XP level 2. HP: 17/17 MP: 2/2
   266 | D:1      | Reached skill level 6 in Stealth
  1030 | D:2      | Reached XP level 3. HP: 21/21 MP: 3/3
  1473 | D:2      | Reached XP level 4. HP: 26/26 MP: 4/4
  1523 | D:2      | Reached skill level 1 in Spellcasting
  1972 | D:3      | Found a runed translucent gate.
  1972 | D:3      | Found a runed translucent gate.
  1972 | D:3      | Found a runed translucent gate.
  2036 | D:3      | Reached skill level 7 in Stealth
  2052 | D:3      | Reached XP level 5. HP: 21/30 MP: 6/6
  2609 | D:3      | Noticed Firecrotchwizard's ghost (amateur VSBr)
  2663 | D:2      | HP: 1/30 [poisoned by Firecrotchwizard's ghost]
  2665 | D:2      | Succumbed to Firecrotchwizard's ghost's poison

Illustrated notes

Levels and vault maps discovered:
D:1:      minmay_arrival_hallway, layout_loops_ring
D:2:      layout_basic, kennysheep_generic_room_16
D:3:      layout_loops_ring, biasface_ghost_orc_armoury, minmay_surrounded

Skill      XL: |  1  2  3  4 |
---------------+-------------+-----
Stealth        | 6 7 |  7.4
Short Blades   | 3 |  3.7
Spellcasting   | 1 |  1.3
Fighting       | |  2.1
Throwing       | |  2.1
Dodging        | |  1.6

Action                   |  1- 3 |  4- 6 || total
-------------------------+-------+-------++-------
Melee: Dagger            |    59 |    34 ||    93
  Use: Scroll            |       |     1 ||     1
       Potion            |       |     1 ||     1
 Stab: Sleeping          |    19 |     8 ||    27
Armor: Robe              |    10 |     7 ||    17
Dodge: Dodged            |    28 |    16 ||    44
Block: Other             |     1 |     1 ||     2

Table legend: (Time is in decaauts)
 A = Elapsed time spent in this place.
 B = Non-inter-level travel time spent in this place.
 C = Inter-level travel time spent in this place.
 D = Time resting spent in this place.
 E = Time spent auto-exploring this place.
 F = Levels seen in this place.
 G = Mean time per level.
                   A        B        C        D        E       F      G
               +--------+--------+--------+--------+--------+-----+--------+
         Total |   2649 |   2558 |     91 |      0 |   2245 |   3 |  883.0 |
       Dungeon |   2649 |   2558 |     91 |      0 |   2245 |   3 |  883.0 |
               +--------+--------+--------+--------+--------+-----+--------+

Top non-repeatable levels by time:
     D:1: 951 daAuts
     D:3: 891 daAuts
     D:2: 805 daAuts
